Map: Habitation Station LE (Void)

Players

Hitman - Winner!

  • Race: Zerg Zerg
  • League: Diamond
  • Spawn Location: 1:00

Musumeci

  • Race: Zerg Zerg
  • League: Diamond
  • Spawn Location: 11:00

VOD

Have the link to the VOD?

Description

Time

  • Played on: Dec. 22, 2016, 10:59 a.m.
  • Length: 12:32
Show
View Real Time Build Order
Export as new Build Order

Hitman Zerg - Winner!

Build Orders: Pool First 

Get SALT Encoding   

  12  0:17  Spawning Pool  
  11  0:22  Drone  
  11  0:27  Drone  
  13  0:31  Drone  
  14  0:40  Overlord  
  14  1:05  Zergling x6  
  17  1:19  Hatchery  
  17  1:20  Zergling x2  
  17  1:32  Queen  
  17  1:36  Zergling x2  
  20  1:41  Extractor  
  20  1:42  Zergling x2  
  20  1:48  Drone  
  21  2:05  Zergling x2  
  22  2:30  Queen, Baneling Nest, Overlord  
  22  2:33  Zergling x2  
  21  2:53  Zergling x8  
  25  3:12  Drone  
  26  3:14  Baneling  
  26  3:18  Baneling  
  26  3:22  Zergling x2  
  27  3:27  Zergling x2  
  27  3:29  Baneling  
  28  3:39  Drone x2  
  29  3:49  Drone  
  29  3:51  Drone  
  31  3:57  Drone  
  32  4:06  Roach Warren  
  31  4:18  Drone x4  
  31  4:22  Overlord  
  35  4:39  Lair  
  35  4:43  Evolution Chamber  
  34  4:48  Drone x2  
  34  4:49  Drone  
  37  4:53  Drone, Extractor  
  37  4:58  Drone  
  37  4:59  Drone  
  39  5:03  Drone  
  39  5:05  Drone  
  41  5:12  Zerg Missile Weapons Level 1  
  41  5:17  Overlord  
  41  5:22  Overlord  
  41  5:38  Drone x3  
  41  5:39  Drone x3  
  41  5:40  Drone  
  41  5:42  Drone x2  
  50  5:46  Extractor  
  49  5:53  Glial Reconstitution  
  49  5:54  Drone  
  49  5:55  Drone  
  51  6:00  Drone  
  51  6:01  Drone x3  
  51  6:04  Overlord  
  55  6:10  Overlord  
  55  6:20  Roach  
  57  6:31  Roach x5  
  67  6:36  Roach  
  69  6:43  Roach  
  69  6:44  Overlord  
  71  6:54  Roach x2  
  75  6:58  Overlord x2  
  75  6:59  Overlord  
  75  7:06  Roach  
  75  7:07  Roach  
  79  7:12  Zerg Ground Armor Level 1  
  79  7:13  Roach  
  81  7:22  Hatchery  
  80  7:25  Roach x2  
  80  7:27  Queen, Overlord x2  
  86  7:32  Hydralisk Den  
  85  7:37  Roach x2  
  89  7:47  Roach x4  
  97  7:54  Roach x2  
  101  8:00  Spore Crawler  
  101  8:01  Spore Crawler  
  101  8:03  Spore Crawler  
  101  8:05  Spore Crawler  
  97  8:15  Drone x4  
  97  8:16  Drone  
  86  8:31  Hydralisk x4  
  86  8:32  Hydralisk  
  76  8:40  Hydralisk x2  
  80  8:49  Hydralisk x2  
  80  8:50  Hydralisk  
  80  8:54  Hydralisk  
  88  9:01  Overlord x2  
  88  9:06  Hydralisk  
  90  9:14  Hydralisk x3  
  94  9:17  Hydralisk  
  94  9:23  Hydralisk  
  94  9:24  Hydralisk  
  95  9:30  Hydralisk  
  97  9:32  Hydralisk  
  97  9:37  Hydralisk x2  
  97  9:46  Zergling x2  
  97  9:49  Hydralisk  
  97  9:52  Spore Crawler x2  
  98  9:59  Hydralisk x3  
  98  10:06  Roach x2  
  108  10:12  Drone x2  
  108  10:13  Drone  
  111  10:14  Extractor  
  108  10:25  Drone x3  
  111  10:32  Roach  
  113  10:42  Drone x4  
  113  10:52  Hydralisk Den  
  110  11:01  Drone x3  
  113  11:12  Overlord x3  
  113  11:13  Overlord  
  113  11:24  Baneling  
  113  11:25  Baneling  
  113  11:30  Queen  
  113  11:32  Hydralisk x4  
  121  11:55  Roach  
  121  11:56  Roach x7  
Show
View Real Time Build Order
Export as new Build Order

Musumeci Zerg 

Build Orders: Hatch First 

Get SALT Encoding   

  12  0:01  Drone  
  13  0:10  Drone  
  14  0:14  Extractor  
  14  0:16  Drone  
  15  0:40  Hatchery  
  14  0:50  Drone, Extractor  
  15  1:07  Spawning Pool  
  14  1:19  Overlord  
  14  1:54  Zergling x8  
  16  2:22  Queen x2, Drone  
  21  2:23  Drone x3  
  21  2:27  Zergling x2  
  21  2:28  Zergling x2  
  26  2:33  Extractor  
  24  2:47  Zergling x2  
  24  2:48  Zergling x4  
  23  3:03  Zergling x6  
  26  3:17  Evolution Chamber  
  26  3:18  Evolution Chamber  
  24  3:21  Evolution Chamber  
  24  3:26  Drone x2  
  25  3:39  Baneling Nest  
  24  3:48  Drone  
  25  3:50  Drone  
  26  3:55  Drone  
  26  4:01  Drone  
  28  4:11  Overlord  
  28  4:30  Baneling x3  
  28  4:38  Drone x6  
  33  4:41  Drone  
  33  4:42  Extractor  
  34  4:59  Lair  
  34  5:01  Drone x2  
  36  5:16  Overlord  
  36  5:18  Overlord  
  36  5:29  Extractor x2  
  36  5:30  Drone x2  
  36  5:35  Drone x5  
  41  5:37  Drone x2  
  43  5:52  Drone  
  43  5:53  Drone x4  
  48  6:06  Spire  
  47  6:12  Overlord  
  47  6:14  Drone x2  
  49  6:21  Drone x3  
  52  6:30  Metabolic Boost  
  52  6:33  Spore Crawler  
  51  6:41  Spore Crawler  
  50  6:51  Overlord x2  
  50  6:56  Baneling  
  50  7:06  Overlord x3  
  49  7:25  Mutalisk x3  
  49  7:26  Mutalisk x5  
  65  7:44  Spine Crawler  
  61  7:45  Spine Crawler  
  61  7:46  Spine Crawler  
  61  7:49  Mutalisk x3  
  64  7:55  Drone x3  
  67  8:09  Evolution Chamber  
  61  8:42  Mutalisk x6  
  73  8:50  Queen  
  73  8:55  Spine Crawler  
  74  9:01  Drone x4  
  78  9:09  Hatchery  
  77  9:43  Drone x6  
  83  9:53  Extractor  
  83  9:58  Extractor  
  81  10:05  Zergling x2  
  81  10:06  Zergling x4  
  82  10:30  Drone x3  
  82  10:31  Baneling x4  
  83  10:46  Baneling  
  83  10:47  Baneling  
  83  10:48  Centrifical Hooks  
  75  11:06  Mutalisk x7  
  75  11:09  Zergling x2  
  75  11:10  Overlord  
  75  11:11  Overlord x6  
  86  11:40  Baneling x2  
  86  11:41  Zergling x12  
  86  11:42  Zergling x6  
  87  12:04  Baneling x12  
  84  12:15  Hatchery  
  84  12:18  Hatchery  
Tags
 
Add a new tag
Caveats
  • Supply blocks, unpowered buildings, or Contaminate may cause inaccurate times.
  • Supply counts are checked every 10 seconds.